 Dungeon Crawl Stone Soup version 0.30.0-16-gbe6223bb7e (webtiles) character file.

Game seed: 8681966355094012957

165611 cheesebisquit the Spry (level 16, -10/121 HPs)
             Began as a Felid Summoner on May 19, 2023.
             Was an Initiate of Gozag.
             Mangled by a +2 glaive of venom (19 damage)
             ... on level 1 of the Elven Halls on May 20, 2023.
             The game lasted 06:30:21 (61303 turns).

cheesebisquit the Spry (Felid Summoner)            Turns: 61303, Time: 06:30:21

Health: -10/121    AC: 28    Str:  4    XL:     16   Next: 69%
Magic:  32/32      EV:  4    Int: 29    God:    Gozag
Gold:   414        SH:  0    Dex: 18    Spells: 0/38 levels left
                                        Lives:  0   Deaths: 4

rFire   + +          .
                       - Unarmed
rCold   + . .        (shield unavailable)
rNeg    . . .        (body armour unavailable)
rPois   +            (helmet unavailable)
rElec   +            (cloak unavailable)
rCorr   +            (gloves unavailable)
SInv    +            (boots unavailable)
Will    +++..        t - amulet of regeneration
Stlth   ++           I - ring of wizardry
HPRegen 1.20/turn    q - ring "Aqas" {*Slow rF+ Will+ Int+6}
MPRegen 0.23/turn

%: slow self (1%), wizardry (x1)
@: mighty, tree-form, resistant, gold aura, on berserk cooldown, slowed, very
slow
A: stationary, stasis, torment immunity, boosted hp, very small, (claws 1),
(fangs 3), see invisible, (speed 1), (shaggy fur 3), (stealthy paws), no weapons
or thrown items, no armour, multi-lived
}: 2/15 runes: decaying, serpentine
a: End Transformation, Renounce Religion, Potion Petition, Call Merchant, Bribe
Branch


You were on level 1 of the Elven Halls.
You worshipped Gozag.
Gozag was aware of your devotion.
You were a tree.
You visited 7 branches of the dungeon, and saw 32 of its levels.
You also visited: Bailey.

You collected 15848 gold pieces.
You spent 4760 gold pieces at shops.
You paid 10674 gold pieces to Gozag.

Inventory:

Jewellery
 e - a +6 ring of dexterity
 j - a +5 ring of evasion
 l - a +6 ring of dexterity
 m - a +4 ring of slaying
 q - the ring "Aqas" (right branch) {*Slow rF+ Will+ Int+6}
   (You acquired it on level 11 of the Dungeon)

   [ring of intelligence]

   Int:       It affects your intelligence (+6).
   rF:        It protects you from fire.
   *Slow:     It may slow you when you take damage.
   Will:      It increases your willpower.
 t - an amulet of regeneration (around neck)
 x - a ring of ice
 I - a ring of wizardry (left branch)
 O - a ring of poison resistance
 P - a ring of positive energy
 Q - a +4 ring of slaying
 S - a ring of ice
 T - a +5 ring of evasion
 U - a ring of flight
 X - an amulet of guardian spirit
Wands
 h - a wand of iceblast (21)
 s - a wand of digging (14)
 u - a wand of polymorph (6)
 y - a wand of flame (24)
 B - a wand of mindburst (11)
 H - a wand of light (7)
 J - a wand of paralysis (33)
Scrolls
 b - 13 scrolls of teleportation
 c - 7 scrolls of vulnerability
 g - a scroll of torment
 o - 9 scrolls of magic mapping
 p - a scroll of fear
 v - 4 scrolls of poison
 w - 4 scrolls of immolation
 D - 2 scrolls of summoning
 E - 5 scrolls of fog
 M - 2 scrolls of silence
 N - 2 scrolls of amnesia
Potions
 a - 2 potions of might
 d - 6 potions of lignification
 f - a potion of brilliance
 i - 7 potions of mutation
 k - 3 potions of cancellation
 n - 3 potions of berserk rage
 r - 6 potions of curing
 z - 3 potions of ambrosia
 C - 4 potions of flight
 F - 3 potions of resistance
 G - 3 potions of attraction
 K - a potion of haste
 R - a potion of magic
Miscellaneous
 A - a phial of floods
 L - a phantom mirror


   Skills:
 - Level 15.0 Fighting
 - Level 19.0 Dodging
 - Level 2.6 Stealth
 + Level 8.7 Unarmed Combat
 - Level 11.5 Spellcasting
 - Level 10.0 Hexes
 - Level 10.0 Summonings
 + Level 12.7 Translocations
 + Level 13.9 Transmutations
 + Level 13.6 Air Magic


You couldn't memorise any spells.
You knew the following spells:

 Your Spells              Type           Power      Damage    Failure   Level
a - Swiftness             Air            77%        N/A       1%          3
b - Vhi's Electric Charg  Tloc/Air       100%       N/A       1%          3
c - Call Canine Familiar  Summ           65%        N/A       1%          3
d - Summon Guardian Gole  Hex/Summ       65%        N/A       1%          3
e - Summon Lightning Spi  Summ/Air       71%        N/A       1%          4
f - Storm Form            Tmut/Air       38%        N/A       4%          7
g - Manifold Assault      Tloc           74%        N/A       1%          4
h - Blink                 Tloc           100%       N/A       1%          2
i - Passage of Golubria   Tloc           74%        N/A       1%          4
j - Summon Mana Viper     Hex/Summ       65%        N/A       1%          5

Your spell library contained the following spells:

 Spells                   Type           Power      Damage    Failure   Level
 Freeze                   Ice            64%        1d7       1%          1
 Kiss of Death            Conj/Necr      64%        2d10      1%          1
 Sandblast                Erth           32%        2d9       1%          1
 Sting                    Tmut/Pois      100%       1d8       1%          1
 Summon Small Mammal      Summ           100%       N/A       1%          1
 Call Imp                 Summ           100%       N/A       1%          2
 Cigotuvi's Dreadful Rot  Necr/Pois/Air  86%        N/A       1%          2
 Ensorcelled Hibernation  Hex/Ice        90%        N/A       1%          2
 Passwall                 Tmut/Erth      45%        N/A       1%          2
 Sublimation of Blood     Necr           16%        N/A       1%          2
 Confusing Touch          Hex            65%        N/A       1%          3
 Inner Flame              Hex/Fire       45%        N/A       1%          3
 Spider Form              Tmut/Pois      54%        N/A       1%          3
 Anguish                  Hex/Necr       22%        N/A       1%          4
 Ice Form                 Ice/Tmut       54%        N/A       1%          4
 Leda's Liquefaction      Hex/Erth       22%        N/A       1%          4
 Petrify                  Tmut/Erth      54%        N/A       1%          4
 Summon Ice Beast         Ice/Summ       45%        N/A       1%          4
 Blade Hands              Tmut           38%        N/A       1%          5
 Silence                  Hex/Air        35%        N/A       1%          5
 Summon Forest            Summ/Tloc      35%        N/A       1%          5
 Yara's Violent Unravell  Hex/Tmut       36%        3d15      1%          5
 Alistair's Intoxication  Tmut/Pois      36%        N/A       2%          5
 Arcjolt                  Conj/Air       27%        1d37      2%          5
 Irradiate                Conj/Tmut      27%        3d20      2%          5
 Summon Cactus Giant      Summ           32%        N/A       3%          6
 Dragon Form              Tmut           38%        N/A       3%          7
 Frozen Ramparts          Ice            32%        1d5       4%          3
 Hailstorm                Conj/Ice       16%        3d6       4%          3
 Ozocubu's Armour         Ice            16%        N/A       4%          3
 Stone Arrow              Conj/Erth      32%        3d9       4%          3
 Metabolic Englaciation   Hex/Ice        22%        N/A       4%          5
 Eringya's Noxious Bog    Tmut/Pois      27%        N/A       12%         6
 Statue Form              Tmut/Erth      36%        N/A       12%         6
 Dispel Undead            Necr           16%        3d10      13%         4
 Olgreb's Toxic Radiance  Pois           16%        N/A       13%         4
 Enfeeble                 Hex            32%        N/A       17%         7
 Monstrous Menagerie      Summ           32%        N/A       17%         7
 Maxwell's Capacitive Co  Air            38%        ∞         30%         8
 Borgnjor's Vile Clutch   Necr/Erth      8%         N/A       32%         5
 Lee's Rapid Deconstruct  Erth           8%         3d7*      32%         5
 Spellforged Servitor     Conj/Summ      22%        N/A       77%         7
 Discord                  Hex            32%        N/A       77%         8
 Death Channel            Necr           8%         N/A       86%         6
 Iron Shot                Conj/Erth      8%         9d3       86%         6
 Necromutation            Tmut/Necr      27%        N/A       99%         8
 Ignition                 Fire           8%         3d5       100%        8
 Lehudib's Crystal Spear  Conj/Erth      8%         10d3      100%        8
 Death's Door             Necr           8%         N/A       100%        9
 Animate Armour           Summ/Erth      Unusable   N/A       N/A         4
 Simulacrum               Ice/Necr       Unusable   N/A       N/A         6

Dungeon Overview and Level Annotations

Branches:
Dungeon (15/15)            Temple (1/1) D:6            Lair (5/5) D:10
  Swamp (4/4) Lair:2        Snake (4/4) Lair:2        Slime (0/5) Lair:4
    Orc (2/2) D:12            Elf (1/3) Orc:2        Vaults (0/5) D:13
 Depths (0/4) D:15         Bailey (visited)

Altars:
Ashenzari
Cheibriados
Dithmenos
Elyvilon
Fedhas
Gozag
Hepliaklqana
Kikubaaqudgha
Makhleb
Nemelex Xobeh
Okawaru
Qazlal
Ru
Sif Muna
Trog
Uskayaw
Vehumet
Wu Jian
Xom
Yredelemnul
Zin
The Shining One

Shops:
D:12 (   Orc:2 ([[(   Elf:1 *   Lair:1 :   Lair:2 :   Lair:3 :?:!   Lair:5 ?
Snake:3 (

Portals:
Desolation: Elf:1

Annotations:
Swamp:3 3 runed translucent doors, Persephone's ghost, adept MfBe; swinepaste's ghost, journeyman DsMo
Snake:3 1 runed translucent door, Kicir's ghost, adept GnFi
Elf:1 Zenata


Innate Abilities, Weirdness & Mutations

You are a tree.
Your roots penetrate the ground, keeping you stationary.
You cannot be teleported.
You are immune to unholy pain and torment.
Your maximum health is greatly increased.
((You have sharp claws.))
((You have razor-sharp teeth.))
You have supernaturally acute eyesight. (SInv)
((You cover ground quickly. (Speed+)))
((Your thick and shaggy fur keeps you warm. (AC +3, rC+)))
((Your paws help you pounce on unaware monsters.))
You are incapable of wielding weapons or throwing items.
You cannot wear armour.
You gain extra lives every three experience levels.


Message History

* * * LOW HITPOINT WARNING * * *
You feel a strong urge to attack something.
The +2 glaive of venom hits you but does no damage.
The deep elf archer unwields a +0 short sword.
The deep elf archer wields a +0 longbow.
The deep elf archer shoots an arrow.
The arrow completely misses you.
You feel your anger nearly subside.
You are no longer berserk.
You are exhausted.
You feel yourself slow down.
The deep elf knight seems to regain its courage.
The +2 glaive of venom hits you from afar.
* * * LOW HITPOINT WARNING * * *
You are poisoned. [a] - 468 gold - resistance and invisibility [b] - 270 gold - heal wounds and berserk rage [c] - 546 gold - resistance, heal wounds, curing and magic Purchase which effect?
You feel protected.
You feel much better.
You feel better. Magic courses through your body.
The deep elf archer seems to regain its courage.
The +2 glaive of venom hits you from afar!
* * * LOW HITPOINT WARNING * * *
The +2 glaive of venom hits you from afar!!
* * * LOW HITPOINT WARNING * * *
Okay, then.
As you read the scroll of torment, it crumbles to dust.
You feel a surge of unholy energy.
The deep elf archer convulses!
The deep elf knight convulses!
The +2 glaive of venom hits you from afar.
* * * LOW HITPOINT WARNING * * *
The deep elf archer shoots an arrow.
The arrow completely misses you.
The +2 glaive of venom completely misses you.
The deep elf archer shoots an arrow.
The arrow hits the deep elf knight!!
The deep elf knight dies!
Okay, then.
As you read the scroll of summoning, it crumbles to dust.
Wisps of shadow whirl around you...
The +2 glaive of venom hits you from afar!!
You die...
Your body crumbles into a pile of gold.

# ##### ##
###e♣.### .##
###...$...###
..##
#...e.(E....#
...#
#......$....#
...#
#....8..$...#
...+
+.......e$..#
...#
#...........#
...#
#...........#
..##
#...........#


You could see a deep elf archer (repels missiles), a +2 glaive of venom (ally
target), a friendly earth elemental (summoned), 2 friendly deep elf
zephyrmancers and a friendly lightning spire (summoned).

Vanquished Creatures
  Mlioglotl (Swamp:4)
  A nagaraja (Snake:4)
  A fenstrider witch (Swamp:2)
  2 eleionomae
  A vampire knight (Swamp:4)
  A bunyip (Swamp:4)
  A deep elf death mage (Elf:1)
  3 shambling mangroves (Swamp:4)
  A salamander tyrant (Snake:4)
  A peacekeeper (Elf:1)
  2 ghost crabs (Swamp:4)
  10 alligators
  5 hydras
  An anaconda (Snake:4)
  2 dancing weapons (Elf:1)
  2 shock serpents
  2 large abominations (Elf:1)
  2 deep elf knights (Elf:1)
  2 naga sharpshooters (Snake:4)
  2 goliath frogs (Swamp:3)
  4 spriggan druids
  6 swamp dragons
  2 bog bodies (Swamp:2)
  A flayed ghost (Swamp:4)
  5 spectral hydras (Swamp:4)
  A deep elf archer (Elf:1)
  A deep elf zephyrmancer (Elf:1)
  A phantasmal warrior (Swamp:4)
  A deep elf pyromancer (Elf:1)
  2 necromancers (Elf:1)
  2 salamanders
  3 mana vipers
  An oklob plant (Swamp:4)
  3 will-o-the-wisps
  A black mamba (Snake:2)
  3 guardian serpents (Snake:4)
  2 naga magi
  2 hydra zombies (Swamp:4)
  A bloated husk (Swamp:4)
  6 hornets
  5 tyrant leeches
  A death drake skeleton (Swamp:4)
  2 spriggans
  An air elemental (Elf:1)
  4 vampire mosquitoes (Swamp:2)
  A hog (Swamp:3)
  8 nagas
  8 swamp worms
  A hydra simulacrum (Swamp:4)
  5 swamp drakes
  An ice beast (D:5)
  A swamp dragon zombie (Swamp:4)
  A wolf (D:9)
  A boggart (Lair:4)
  A swamp dragon skeleton (Swamp:4)
  An earth elemental (Elf:1)
  A wight (D:7)
  A killer bee (D:8)
  A howler monkey (D:7)
  7 electric eels
  A jelly (D:5)
  An orc wizard (D:3)
  An adder (D:5)
  A ball python (D:3)
  An endoplasm (D:1)
  2 rats
150 creatures vanquished.

Vanquished Creatures (collateral kills)
  Saint Roka (Orc:2)
  Gastronok (D:8)
  A thorn hunter (Swamp:4)
  Kirke (Swamp:3)
  A fenstrider witch (Swamp:3)
  9 nagarajas
  Aizul (Snake:2)
  An orc warlord (Bailey)
  A vampire knight (Swamp:4)
  Azrael (D:13)
  2 bunyips
  The ghost of Soawenuv the Cleaver, a journeyman GrSu of Qazlal (D:12)
  An ettin (D:13)
  A fire dragon (Lair:5)
  Josephine (D:12)
  A shambling mangrove (Swamp:4)
  7 hydras
  Fannar (Orc:1)
  A peacekeeper (Elf:1)
  4 salamander tyrants
  10 anacondas
  2 two-headed ogres
  Erica (D:8)
  5 centaur warriors
  2 alligators
  11 naga warriors
  11 death yaks
  2 tengu warriors
  An orc high priest (Orc:2)
  4 naga sharpshooters
  A shock serpent (Snake:1)
  Urug (D:11)
  Amaemon (D:8)
  A spriggan druid (Swamp:3)
  4 salamander mystics
  A goliath frog (Swamp:2)
  5 naga ritualists
  2 wizards (D:15)
  3 deep trolls
  A deep elf pyromancer (D:11)
  A deep elf zephyrmancer (Elf:1)
  A necromancer (D:15)
  5 mana vipers
  2 lindwurms (Lair:5)
  2 cyclopes
  3 orc sorcerers
  2 manticores
  13 elephants
  20 black mambas
  11 ugly things
  13 salamanders
  3 guardian serpents
  An ice statue (Snake:1)
  6 torpor snails
  A cane toad (shapeshifter) (D:15)
  Maurice (Orc:1)
  13 cane toads
  14 naga magi
  3 unseen horrors
  An unseen horror zombie (D:8)
  2 kobold demonologists (D:11)
  An orange demon (D:8)
  2 rime drakes
  9 komodo dragons
  A tengu conjurer (D:13)
  3 trolls
  3 hydra skeletons (Swamp:4)
  3 tyrant leeches
  A bloated husk (Swamp:1)
  5 hornets
  3 raiju (Lair:5)
  8 polar bears
  6 dream sheep
  5 blink frogs
  2 wyverns
  A slime creature (D:14)
  2 spriggans (Swamp:3)
  A wyvern (shapeshifter) (D:13)
  45 yaks
  2 fire elementals (D:13)
  A hog (shapeshifter) (D:13)
  5 wraiths
  A basilisk (D:15)
  Grum (D:9)
  A steam dragon (D:8)
  6 wargs
  24 nagas
  A swamp worm (Swamp:2)
  10 water moccasins
  17 hell hounds
  A swamp drake (Swamp:4)
  30 orc warriors
  A swamp dragon zombie (Swamp:4)
  9 black bears
  An ice beast (D:6)
  10 centaurs
  3 boggarts (Lair:4)
  4 ogres
  9 wolves
  An elf zombie (Elf:1)
  10 bullfrogs
  A scorpion (D:5)
  2 wyvern zombies (D:8)
  A gnoll sergeant (D:11)
  14 wights
  8 killer bees
  A howler monkey (D:8)
  2 centaur zombies (D:8)
  2 hounds (D:5)
  A jelly (D:5)
  15 orc priests
  2 gnoll boudas (D:7)
  A sleepcap (D:6)
  Terence (D:3)
  3 iguanas
  24 orc wizards
  A mummy (D:3)
  22 gnolls
  5 adders
  A shadow imp (D:7)
  2 white imps (D:6)
  3 worms
  6 dart slugs
  105 orcs
  3 ball pythons
  5 bats
  4 endoplasms
  A giant cockroach (D:4)
  12 goblins
  9 hobgoblins
  2 jackals (D:1)
  17 kobolds
  4 quokkas
  2 frilled lizards (D:1)
  6 rats
762 creatures vanquished.

Vanquished Creatures (others)
  A merfolk impaler (D:12)
  An ettin (D:15)
  The ghost of olddryhag the Arsonist, a journeyman HOFE of Vehumet (Lair:2)
  Harold (D:10)
  Erolcha (Orc:1)
  A boulder beetle (D:11)
  6 hydras
  3 anacondas
  An alligator (Swamp:2)
  A death yak (Lair:4)
  A tengu warrior (D:12)
  A naga sharpshooter (Snake:4)
  3 naga warriors
  2 shock serpents (Snake:1)
  A deep elf knight (Elf:1)
  3 naga ritualists
  2 orc knights
  2 cyclopes
  4 ugly things
  5 mana vipers
  2 oklob plants (Swamp:4)
  An ice statue (Snake:1)
  A naga mage (Snake:2)
  2 slime creatures (D:14)
  5 elephants
  6 black mambas
  A gargoyle (D:12)
  2 rime drakes
  2 komodo dragons
  A freezing wraith (D:15)
  A yaktaur (D:15)
  3 trolls
  2 bloated husks (Swamp:1)
  3 polar bears (Lair:5)
  2 hornets (Lair:5)
  A dream sheep (Lair:5)
  2 blink frogs
  A tyrant leech (Lair:5)
  A raiju (Lair:5)
  14 yaks
  2 wyverns
  2 basilisks
  3 nagas
  A water moccasin (Lair:5)
  An ice beast (D:5)
  7 black bears
  14 orc warriors
  An ogre (D:6)
  8 wolves
  3 centaurs (D:11)
  2 bullfrogs
  17 wights
  A killer bee (D:7)
  A howler monkey (D:8)
  An electric eel (Lair:4)
  An orc priest (Orc:2)
  3 iguanas
  An orc wizard (D:8)
  A gnoll (Bailey)
  A white imp (D:5)
  3 orcs
  3 goblins (Bailey)
  A hobgoblin (Bailey)
  4 foxfires (Swamp:4)
176 creatures vanquished.

Grand Total: 1088 creatures vanquished

Notes
Turn   | Place    | Note
-------+----------+-------------------------------------------
     0 | D:1      | cheesebisquit the Felid Summoner began the quest for the
                  | Orb.
     0 | D:1      | Reached XP level 1. HP: 7/7 MP: 4/4
   500 | D:1      | Reached XP level 2. HP: 11/11 MP: 1/6
   917 | D:1      | Found a faded altar of an unknown god.
   959 | D:1      | Reached XP level 3. HP: 14/14 MP: 5/8
  1355 | D:1      | Learned a level 2 spell: Call Imp
  1359 | D:1      | Learned a level 3 spell: Call Canine Familiar
  1916 | D:2      | Reached XP level 4. HP: 8/18 MP: 4/9
  1920 | D:2      | Learned a level 3 spell: Summon Guardian Golem
  2643 | D:3      | Reached skill level 3 in Dodging
  2643 | D:3      | Reached skill level 1 in Hexes
  2643 | D:3      | Reached skill level 5 in Summonings
  3159 | D:3      | Found a snail-covered altar of Cheibriados.
  3293 | D:3      | Found a stormy altar of Qazlal.
  3385 | D:3      | Reached XP level 5. HP: 21/21 MP: 6/11
  3490 | D:3      | Reached skill level 1 in Fighting
  3505 | D:3      | Found a shadowy altar of Dithmenos.
  3505 | D:3      | Noticed Terence
  3539 | D:3      | Killed Terence
  3786 | D:4      | Found a burning altar of Makhleb.
  3913 | D:4      | Found a hide-covered altar of Uskayaw.
  4793 | D:5      | Entered Level 5 of the Dungeon
  4802 | D:5      | Noticed an ogre
  4852 | D:5      | Found a hazy altar of Hepliaklqana.
  4904 | D:5      | Gained mutation: You are covered in thick fur. (AC +2)
                  | [Felid growth]
  4904 | D:5      | Reached XP level 6. HP: 26/26 MP: 8/12
  4938 | D:5      | Reached skill level 4 in Dodging
  5301 | D:5      | Reached XP level 7. HP: 30/30 MP: 6/14
  5306 | D:5      | Learned a level 4 spell: Summon Lightning Spire
  5584 | D:5      | Found a white marble altar of Elyvilon.
  5601 | D:5      | Became a worshipper of Elyvilon the Healer
  5779 | D:5      | Slain by a black bear
  5780 | D:5      | Reached XP level 6. HP: -2/27 MP: 2/13
  5832 | D:5      | Found a sacrificial altar of Ru.
  5866 | D:5      | Reached skill level 5 in Dodging
  5866 | D:5      | Reached skill level 1 in Air Magic
  6205 | D:5      | Reached XP level 7. HP: 31/31 MP: 11/14
  6317 | D:5      | Reached skill level 5 in Hexes
  6940 | D:6      | Found a sparkling altar of Nemelex Xobeh.
  7059 | D:6      | Reached * piety under Elyvilon
  7195 | D:6      | Found a staircase to the Ecumenical Temple.
  7576 | D:6      | Reached XP level 8. HP: 36/36 MP: 12/16
  7695 | Temple   | Entered the Ecumenical Temple
  7904 | Temple   | Fell from the grace of Elyvilon
  7904 | Temple   | Became a worshipper of Gozag Ym Sagoz the Greedy
  8110 | D:7      | Reached skill level 6 in Dodging
  8110 | D:7      | Reached skill level 5 in Spellcasting
  9009 | D:7      | Reached skill level 7 in Dodging
  9171 | D:7      | Reached skill level 5 in Fighting
  9171 | D:7      | Reached XP level 9. HP: 18/40 MP: 9/18
 10060 | D:8      | Noticed an orange demon
 10064 | D:8      | Noticed Amaemon
 10236 | D:8      | Reached skill level 8 in Dodging
 11201 | D:8      | Killed an orange demon
 11202 | D:8      | Reached XP level 10. HP: 45/45 MP: 6/20
 11202 | D:8      | Killed Amaemon
 11203 | D:8      | Reached skill level 5 in Air Magic
 11492 | D:8      | Found an ancient bone altar of Kikubaaqudgha.
 11570 | D:8      | Reached skill level 9 in Dodging
 11747 | D:8      | Found a hazy altar of Hepliaklqana.
 11773 | D:8      | Noticed Erica
 11785 | D:8      | Killed Erica
 12026 | D:8      | Noticed Gastronok
 12046 | D:8      | Killed Gastronok
 12301 | D:8      | Found an ancient bone altar of Kikubaaqudgha.
 12685 | D:8      | Found a hazy altar of Hepliaklqana.
 13028 | D:9      | Noticed Grum
 13043 | D:9      | Killed Grum
 13044 | D:9      | Reached skill level 10 in Dodging
 13212 | D:9      | Reached XP level 11. HP: 50/50 MP: 15/23
 14118 | D:10     | Entered Level 10 of the Dungeon
 14326 | D:10     | Found a flagged portal.
 14338 | D:10     | Noticed Harold
 14353 | Bailey   | Entered a bailey
 14833 | Bailey   | Noticed an orc warlord
 14848 | Bailey   | Killed an orc warlord
 15443 | D:10     | Noticed a six-headed hydra
 15443 | D:10     | Noticed a deep elf pyromancer
 15444 | D:10     | Noticed a white ugly thing
 15539 | D:10     | Found a staircase to the Lair.
 15846 | D:10     | Noticed a two-headed ogre
 15867 | D:10     | Killed a two-headed ogre
 15868 | D:10     | Reached skill level 11 in Dodging
 16111 | D:10     | Killed Harold
 16201 | D:10     | Noticed a two-headed ogre
 16232 | D:10     | Noticed a wizard
 16242 | D:10     | Noticed a deep elf pyromancer
 16415 | D:11     | Killed a white ugly thing
 16479 | D:11     | Reached skill level 10 in Summonings
 16609 | D:11     | Killed a deep elf pyromancer
 16909 | D:11     | Gained mutation: Your thick and shaggy fur keeps you warm.
                  | (AC +3, rC+) [Felid growth]
 16909 | D:11     | Reached XP level 12. HP: 56/56 MP: 13/25
 16918 | D:11     | Noticed a boulder beetle
 16946 | D:11     | Noticed Urug
 17175 | D:11     | Identified 2 scrolls of acquirement
 17175 | D:11     | Acquired 1342 gold pieces
 17177 | D:11     | Acquired the ring "Aqas" {*Slow rF+ Will+ Int+6}
 17195 | D:11     | Killed Urug
 17196 | D:11     | Reached skill level 12 in Dodging
 17417 | D:11     | Killed a boulder beetle
 19952 | D:12     | Found Azxiut's Weapon Shop.
 20197 | D:12     | Found a staircase to the Orcish Mines.
 20777 | D:12     | Found a runed translucent gate.
 20777 | D:12     | Found a runed translucent gate.
 20777 | D:12     | Found a runed translucent gate.
 20777 | D:12     | Noticed a tengu warrior
 20778 | D:12     | Noticed a tengu warrior
 20778 | D:12     | Noticed Soawenuv's ghost (journeyman GrSu)
 20778 | D:12     | Noticed a merfolk impaler
 20778 | D:12     | Noticed a centaur warrior
 21084 | D:12     | Found an iron altar of Okawaru.
 21184 | Lair:1   | Entered Level 1 of the Lair of Beasts
 21207 | Lair:1   | Reached skill level 13 in Dodging
 21212 | Lair:1   | Reached skill level 10 in Fighting
 21624 | Lair:1   | Reached skill level 10 in Spellcasting
 21996 | Lair:1   | Reached skill level 14 in Dodging
 22518 | Lair:1   | Bought an Inescapable Atlas for 544 gold pieces
 22526 | Lair:1   | Learned a level 7 spell: Storm Form
 22531 | Lair:1   | Learned a level 4 spell: Manifold Assault
 22534 | Lair:1   | Learned a level 2 spell: Blink
 22594 | Lair:2   | Reached skill level 1 in Translocations
 22594 | Lair:2   | Reached XP level 13. HP: 63/63 MP: 9/28
 22604 | Lair:2   | Reached skill level 1 in Transmutations
 22802 | Lair:1   | Bought a book of the Moon for 680 gold pieces
 22807 | Lair:1   | Learned a level 4 spell: Passage of Golubria
 23058 | Lair:2   | Found a staircase to the Swamp.
 23134 | Lair:2   | Found a runed translucent gate.
 23134 | Lair:2   | Found a runed translucent gate.
 23134 | Lair:2   | Noticed olddryhag's ghost (journeyman HOFE)
 23135 | Lair:2   | Found a runed translucent gate.
 23148 | Lair:2   | Found a staircase to the Snake Pit.
 25556 | Lair:3   | Reached skill level 15 in Dodging
 26334 | Lair:4   | Found a staircase to the Slime Pits.
 27150 | Lair:5   | Entered Level 5 of the Lair of Beasts
 27544 | Lair:3   | Mangled by a cane toad
 27545 | Lair:3   | Reached XP level 12. HP: -8/61 MP: 26/28
 27545 | Lair:3   | Reached skill level 16 in Dodging
 27545 | Lair:3   | Reached XP level 13. HP: 65/65 MP: 29/29
 27952 | Lair:3   | Found Vecwoil's Book Shoppe.
 28617 | Lair:4   | Found a staircase to the Slime Pits.
 29586 | Lair:4   | Learned a level 5 spell: Summon Mana Viper
 29752 | Lair:4   | Reached XP level 14. HP: 61/69 MP: 14/30
 30614 | Lair:5   | Reached skill level 17 in Dodging
 31392 | Lair:5   | Found a runed translucent door.
 31468 | Lair:5   | Paralysed by a hornet for 3 turns
 31470 | Lair:5   | HP: 3/70 [hornet (13)]
 32812 | Lair:5   | Reached skill level 18 in Dodging
 32966 | Lair:5   | Reached skill level 10 in Hexes
 32979 | Lair:5   | Identified the +2 leather armour "Kuuryi" {Int+3 Dex+3}
 34116 | Lair:5   | Bought a scroll of amnesia for 68 gold pieces
 34116 | Lair:5   | Bought a scroll of fear for 68 gold pieces
 34118 | Lair:5   | Bought a scroll of identify for 34 gold pieces
 34118 | Lair:5   | Bought a scroll of identify for 34 gold pieces
 34118 | Lair:5   | Bought a scroll of identify for 34 gold pieces
 34276 | Orc:1    | Entered Level 1 of the Orcish Mines
 34380 | Orc:1    | Noticed Erolcha
 34392 | Orc:1    | Killed Erolcha
 34439 | Orc:1    | Reached XP level 15. HP: 76/76 MP: 7/31
 34568 | Orc:1    | Noticed Maurice
 34575 | Orc:1    | Killed Maurice
 34592 | Orc:1    | Noticed Fannar
 34601 | Orc:1    | Killed Fannar
 34943 | Orc:2    | Entered Level 2 of the Orcish Mines
 35814 | Orc:2    | Found Gyn Pof's Antique Armour Shop.
 36131 | Orc:2    | Found Obi Koagh's Antique Weapon Boutique.
 36765 | Orc:2    | Found a staircase to the Elven Halls.
 36863 | Orc:2    | Noticed Saint Roka
 37488 | Orc:1    | Upgraded the game from 0.30.0-15-g856e2d3f33 to
                  | 0.30.0-16-gbe6223bb7e
 37519 | Orc:2    | Killed Saint Roka
 37520 | Orc:2    | Reached skill level 19 in Dodging
 37811 | Orc:2    | Found Gaofapt Vice's Antique Armour Emporium.
 37814 | Orc:2    | Found Asawn's Antique Weapon Shoppe.
 38059 | Lair:3   | Bought a book of Burglary for 300 gold pieces
 38063 | Lair:3   | Learned a level 3 spell: Swiftness
 38063 | Lair:3   | Bought the Codex of the Gathering for 510 gold pieces
 38065 | Lair:3   | Bought a scroll of silence for 114 gold pieces
 38069 | Lair:3   | Bought a potion of heal wounds for 100 gold pieces
 38069 | Lair:3   | Bought a potion of heal wounds for 100 gold pieces
 38069 | Lair:3   | Bought 2 potions of curing for 120 gold pieces
 38069 | Lair:3   | Bought a potion of curing for 60 gold pieces
 38182 | D:13     | Noticed Josephine
 38388 | D:12     | Killed Josephine
 38389 | D:12     | Reached skill level 15 in Fighting
 39219 | D:13     | Noticed Azrael
 39294 | D:13     | Killed Azrael
 39498 | D:13     | Found a gate to the Vaults.
 40784 | D:14     | Reached skill level 5 in Transmutations
 41608 | D:15     | Entered Level 15 of the Dungeon
 42116 | D:15     | Found a staircase to the Depths.
 42508 | D:15     | Found a radiant altar of Vehumet.
 43134 | D:12     | Killed Soawenuv's ghost
 43390 | Lair:2   | Killed olddryhag's ghost
 43564 | Snake:1  | Entered Level 1 of the Snake Pit
 43564 | Snake:1  | Found a frozen archway.
 43591 | Snake:1  | Reached XP level 16. HP: 64/81 MP: 16/32
 43595 | Snake:1  | Reached skill level 10 in Air Magic
 45104 | Snake:1  | Acquired 1037 gold pieces
 46931 | Snake:2  | Reached skill level 10 in Transmutations
 47551 | Snake:2  | Learned a level 3 spell: Vhi's Electric Charge
 47785 | Snake:2  | Noticed Aizul
 47806 | Snake:2  | Killed Aizul
 47807 | Snake:2  | Reached skill level 1 in Unarmed Combat
 48631 | Snake:2  | Reached skill level 5 in Translocations
 49844 | Snake:3  | Found Tegryst's Firing Range.
 50676 | Snake:3  | Identified the +8 long sword "Jangunil" {pain, rC+ Stlth+}
 50759 | Snake:3  | Found a runed translucent door.
 50760 | Snake:3  | Found a shimmering altar of Xom.
 50760 | Snake:3  | Noticed Kicir's ghost (adept GnFi)
 50827 | Snake:3  | Got the Book of the Coward
 51849 | Snake:3  | Reached XP level 17. HP: 72/85 MP: 1/33
 52185 | Snake:4  | Entered Level 4 of the Snake Pit
 53293 | Snake:4  | Reached skill level 5 in Unarmed Combat
 53802 | Snake:4  | Killed from afar by a salamander tyrant
 53803 | Snake:4  | Reached XP level 16. HP: -24/81 MP: 15/32
 54355 | Snake:4  | Got a serpentine rune of Zot
 54636 | Lair:2   | Bought the Codex of the Phantasmal Xenotype for 588 gold
                  | pieces
 54636 | Lair:2   | Bought the Precepts of Posthumous Support for 644 gold
                  | pieces
 54681 | Lair:3   | Bought a potion of magic for 160 gold pieces
 54681 | Lair:3   | Bought a potion of resistance for 200 gold pieces
 54683 | Lair:3   | Bought a scroll of teleportation for 36 gold pieces
 54683 | Lair:3   | Bought a scroll of fog for 48 gold pieces
 54683 | Lair:3   | Bought a scroll of immolation for 48 gold pieces
 54735 | Swamp:1  | Entered Level 1 of the Swamp
 55706 | Swamp:2  | Reached skill level 10 in Translocations
 56521 | Swamp:3  | Found a runed translucent gate.
 56521 | Swamp:3  | Found a runed translucent gate.
 56521 | Swamp:3  | Found a runed translucent gate.
 57181 | Swamp:3  | Noticed Persephone's ghost (adept MfBe)
 57181 | Swamp:3  | Noticed swinepaste's ghost (journeyman DsMo)
 57304 | Swamp:3  | Noticed Kirke
 57313 | Swamp:3  | Killed Kirke
 57314 | Swamp:3  | Reached XP level 17. HP: 85/85 MP: 18/33
 57664 | Swamp:4  | Entered Level 4 of the Swamp
 57805 | Swamp:4  | Noticed Mlioglotl
 59742 | Swamp:4  | Killed Mlioglotl
 59827 | Swamp:4  | Found a blossoming altar of Fedhas.
 60198 | Swamp:4  | Got a decaying rune of Zot
 60225 | Swamp:4  | Found a basalt altar of Yredelemnul.
 60655 | Elf:1    | Entered Level 1 of the Elven Halls
 60664 | Elf:1    | Noticed Zenata
 60915 | Elf:1    | Slain by Zenata
 60916 | Elf:1    | Reached XP level 16. HP: -1/81 MP: 32/32
 61027 | Elf:1    | Got the Exposition on Corpses
 61149 | Elf:1    | Found Ipruc's General Store.
 61170 | Elf:1    | Bought a scroll of fear for 72 gold pieces
 61170 | Elf:1    | Bought a potion of cancellation for 144 gold pieces
 61170 | Elf:1    | Bought a scroll of teleportation for 54 gold pieces
 61177 | Elf:1    | Found a crumbling gateway.
 61291 | Elf:1    | HP: 2/81 [earth elemental (11)]
 61300 | Elf:1    | HP: 5/121 [+2 glaive of venom (5)]
 61303 | Elf:1    | Mangled by a +2 glaive of venom

Illustrated notes

Levels and vault maps discovered:
D:1:      dpeg_arrival_three_bigger_balls, layout_loops_ring,
          ebering_ecumenical_altar_rust
D:2:      layout_loops_ring
D:3:      layout_loops_ring, chei_slow_surprise, general_overflow_altar,
          old_standard_altar, uniq_terence
D:4:      layout_basic, mainiacjoe_overflow_small_starburst,
          kennysheep_mini_moat
D:5:      layout_loops_ring, nicolae_ru_great_annihilating_truth,
          elyvilon_altar_3, minmay_tree_intersection, st_stairs_4, minivault_23,
          minmay_ruined_shrine
D:6:      layout_loops_ring, nemelex_spade_bored_becter,
          minmay_temple_entry_drinking_statues, grunt_decor_cap
D:7:      kennysheep_six_static_rooms, layout_basic, serial_bayou_lagoon_b
D:8:      layout_rooms, worldfamousw_hep_ancestral_shrine, kennysheep_mini,
          serial_undead, serial_undead_b, serial_undead_e, serial_undead_b,
          serial_undead_b, chequers_ossuary_entry_cave, uniq_amaemon,
          uniq_erica, uniq_gastronok
D:9:      wad_pebble_path, layout_long_grid, uniq_grum
D:10:     layout_roguey, lair_entry_dummy, enter_bailey_2, chequers_arboretum,
          minivault_12, uniq_harold
D:11:     layout_cave_pools, uniq_urug
D:12:     layout_irregular_city, orc_david_3, gammafunk_ghost_fury_of_okawaru
D:13:     layout_grid_maze, david_vaults_4, uniq_azrael, uniq_josephine
D:14:     layout_rooms, minivault_27, evilmike_butchery
D:15:     hangedman_depths_entry_civil_slaughter, layout_rooms, vehumet_crystals
Temple:   minmay_temple_bridge_abc
Lair:1:   layout_cellular_growth, grunt_megastairs_3
Lair:2:   layout_small_grid, swamp_mist, guppyfry_snake_entry_garden,
          gammafunk_ghost_hydra_chop, lemuel_fruit_tree
Lair:3:   layout_cave_pods, nicolae_quartered_pool_medium
Lair:4:   layout_cave_pods, dpeg_slime_entry_corner, serial_rivers,
          chequers_serial_rivers_small_3, chequers_serial_rivers_marsh,
          chequers_serial_rivers_micro_a, chequers_serial_rivers_large_a,
          kilobyte_rumbling_trees, serial_bayou_shore_a
Lair:5:   hangedman_lair_caniforms_friends, layout_loops_ring, wormcave,
          grunt_megastairs_4
Swamp:1:  layout_falls_marsh, infiniplex_staircase_pool_2
Swamp:2:  layout_basic_swamp, nicolae_swamp_dense_foliage, ldierk_geyser
Swamp:3:  layout_basic_swamp, gammafunk_ghost_cemetery,
          evilmike_swamp_ruin_house_3, infiniplex_staircase_pool, uniq_kirke
Swamp:4:  byrel_swamp_growth_death_and_undeath, layout_basic_swamp,
          uniq_mlioglotl
Snake:1:  layout_layer_cave, portal_ice_cave_entry_ice_statue_two
Snake:2:  layout_chambers, grunt_megastairs_2, uniq_aizul
Snake:3:  layout_gridlike, ebering_ghost_xom, nicolae_shop_firing_range
Snake:4:  snake_hunt, layout_cave_town, st_stairs_11
Orc:1:    layout_caves, abandoned_shop, uniq_erolcha, uniq_fannar, uniq_maurice
Orc:2:    grunt_orc_community_town_hall, layout_diamond_mine,
          grunt_orc_community_big_house_1, grunt_orc_community_big_house_1,
          grunt_orc_community_house_3, grunt_orc_community_house_3,
          grunt_orc_community_house_1, grunt_orc_community_house_1,
          grunt_orc_community_house_2, grunt_orc_community_house_2
Elf:1:    nicolae_elf_arrival_no_cutting_in_line, layout_geoelf_grid,
          portal_desolation_entry_twin_temple, serial_shops, shop,
          minmay_elf_necromancy, uniq_zenata

Skill      XL: |  1  2  3  4  5  6  7  8  9 10 11 12 13 14 15 16 17 |
---------------+----------------------------------------------------+-----
Spellcasting   | 3 4 5 6 7 8 10 11 | 11.5
Dodging        | 3 5 7 8 10 11 16 15 18 19 | 19.0
Hexes          | 1 2 3 5 10 | 10.0
Summonings     | 5 6 7 9 10 | 10.0
Fighting       | 1 3 5 6 7 8 10 12 14 15 | 15.0
Air Magic      | 1 2 3 4 6 7 9 13 12 | 13.6
Translocations | 1 3 10 12 | 12.7
Transmutations | 2 8 11 13 | 13.9
Unarmed Combat | 7 8 |  8.7
Stealth        | |  2.6

Action                     |  1- 3 |  4- 6 |  7- 9 | 10-12 | 13-15 | 16-18 || total
---------------------------+-------+-------+-------+-------+-------+-------++-------
  Melee: Unarmed           |     4 |    17 |    26 |    37 |    31 |   446 ||   561
         Punch             |     1 |       |       |       |       |    30 ||    31
         Bite              |       |     2 |     2 |    10 |     7 |       ||    21
   Cast: Summon Small Mamm |    84 |    67 |    53 |       |     3 |       ||   207
         Call Imp          |     8 |    24 |    15 |    44 |     4 |       ||    95
         Call Canine Famil |     1 |    14 |    57 |    77 |   147 |    54 ||   350
         Summon Guardian G |       |     1 |    52 |    85 |   202 |    87 ||   427
         Summon Lightning  |       |       |     4 |    68 |   171 |   138 ||   381
         Blink             |       |       |       |       |     9 |    10 ||    19
         Summon Mana Viper |       |       |       |       |   135 |   133 ||   268
         Passage of Golubr |       |       |       |       |     2 |       ||     2
         Storm Form        |       |       |       |       |       |    47 ||    47
         Manifold Assault  |       |       |       |       |       |    38 ||    38
         Vhi's Electric Ch |       |       |       |       |       |    18 ||    18
 Invoke: Call Merchant     |       |       |       |     1 |     5 |     1 ||     7
         Potion Petition   |       |       |       |       |       |     5 ||     5
Ability: Blinkbolt         |       |       |       |       |       |    65 ||    65
  Evoke: Wand              |       |       |       |     8 |     4 |       ||    12
    Use: Scroll            |       |     6 |     3 |    12 |    13 |    10 ||    44
         Potion            |       |       |     2 |     2 |    12 |    21 ||    37
   Stab: Distracted        |       |       |     1 |     4 |     1 |    10 ||    16
         Betrayed ally     |       |       |       |       |       |     1 ||     1
 Armour: Skin              |       |     1 |     6 |     4 |     9 |   104 ||   124
  Dodge: Dodged            |    18 |    41 |   172 |   140 |   390 |  1094 ||  1855
